 Dungeon Crawl Stone Soup version 0.21.1-1-g345015fe64 (webtiles) character file.

14257 HypnoRock the Impaler (level 12, -3/81 HPs)
             Began as a Merfolk Fighter on June 29, 2018.
             Was an Elder of Dithmenos.
             Slain by a red ugly thing (18 damage)
             ... on level 11 of the Dungeon.
             The game lasted 01:30:40 (11757 turns).

HypnoRock the Impaler (Merfolk Fighter)            Turns: 11757, Time: 01:30:40

Health: -3/81      AC: 14    Str: 20    XL:     12   Next: 14%
Magic:  16/16      EV: 16    Int:  8    God:    Dithmenos [****..]
Gold:   174        SH:  0    Dex: 14    Spells: 7/17 levels left

rFire    . . .     SeeInvis .   H - +0 halberd (venom)
rCold    . . .     Gourm    .   (shield currently unavailable)
rNeg     . . .     Faith    +   B - +4 scale mail
rPois    .         Spirit   .   F - +1 helmet
rElec    .         Reflect  .   (no cloak)
rCorr    +         Harm     .   (no gloves)
MR       .....                  h - +0 pair of boots
Stlth    +++++.....             e - amulet of faith
HPRegen  0.23/turn              b - ring of stealth
MPRegen  0.15/turn              x - ring of resist corrosion

@: wreathed by umbra
A: change form in water, swift swim, stealthy swim
a: Shadow Step, Renounce Religion


You were on level 11 of the Dungeon.
You worshipped Dithmenos.
Dithmenos was greatly pleased with you.
You were not hungry.

You visited 3 branches of the dungeon, and saw 13 of its levels.
You also visited: Sewer.

You collected 496 gold pieces.
You spent 322 gold pieces at shops.

Inventory:

Hand Weapons
 a - a +0 trident
 D - a +0 glaive
 H - a +0 halberd of venom (weapon)
 L - a +3 quarterstaff of draining
Missiles
 j - 243 stones (quivered)
 E - 4 throwing nets
Armour
 c - a +0 shield
 h - a +0 pair of boots (worn)
 B - a +4 scale mail (worn)
 F - a +1 helmet (worn)
 J - a +0 plate armour
 X - a +0 large shield
Magical Staves
 K - an uncursed staff of fire {unknown}
Jewellery
 b - a ring of stealth (left hand)
 e - an amulet of faith (around neck)
 w - a +4 ring of intelligence
 x - a ring of resist corrosion (right hand)
Wands
 u - a wand of polymorph (34)
 P - a wand of acid (6)
 Q - a wand of scattershot (1)
 Y - a wand of iceblast (11)
Scrolls
 g - 2 scrolls of enchant weapon
 i - a scroll of teleportation
 l - 3 scrolls of amnesia
 m - a scroll of blinking
 n - 2 scrolls of magic mapping
 o - 3 scrolls of identify
 s - a scroll of fear
 v - 8 scrolls of remove curse
 I - 2 scrolls of fog
 M - a scroll of enchant armour
Potions
 d - a potion of might
 q - 2 potions of heal wounds
 r - 3 potions of flight
 t - 3 potions of agility
 z - a potion of brilliance
 A - 3 potions of magic
 C - 4 potions of curing
 N - a potion of ambrosia
 T - a potion of cancellation {unknown}
 U - a potion of invisibility {unknown}
 W - a potion of mutation {unknown}
Books
 k - a book of Callings

   Spells                             Type                      Level
   a - Summon Small Mammal            Summoning                    1
   b - Call Imp                       Summoning                    2
   c - Call Canine Familiar           Summoning                    3
   d - Summon Guardian Golem          Hexes/Summoning              3
   e - Summon Lightning Spire         Summoning/Air                4
   f - Summon Ice Beast               Ice/Summoning                4
 p - a book of Cantrips

   Spells                             Type                      Level
   a - Confusing Touch                Hexes                        1
   b - Animate Skeleton               Necromancy                   1
   c - Summon Small Mammal            Summoning                    1
   d - Apportation                    Translocation                1
 O - a book of Beasts

   Spells                             Type                      Level
   a - Summon Butterflies             Summoning                    1
   b - Call Canine Familiar           Summoning                    3
   c - Summon Ice Beast               Ice/Summoning                4
   d - Summon Mana Viper              Hexes/Summoning              5
   e - Summon Hydra                   Summoning                    7
Miscellaneous
 S - a phial of floods
 V - a sack of spiders
Comestibles
 f - 25 rations
 G - 5 chunks of flesh


   Skills:
 - Level 3.2 Fighting
 + Level 18.8 Polearms
 - Level 3.3 Armour
 + Level 10.8 Dodging
 - Level 7.0 Stealth
 - Level 3.0 Shields
 - Level 3.0 Spellcasting
 - Level 6.0 Summonings


You had 7 spell levels left.
You knew the following spells:

 Your Spells              Type           Power        Failure   Level  Hunger
a - Call Canine Familiar  Summ           ##......     22%         3    ####...
b - Summon Hydra          Summ           ##........   100%        7    #######


Dungeon Overview and Level Annotations

Branches:
Dungeon (11/15)            Temple (1/1) D:6            Lair (0/6) D:9
    Orc (1/2) D:11

Altars:
Dithmenos
Elyvilon
Gozag
Kikubaaqudgha
Ru
Sif Muna
Wu Jian
Xom
The Shining One

Shops:
D:6 %   D:11 !*

Annotations:
D:8 Necrophagist's ghost, novice DECj


Message History

You kill the hippogriff!
Dithmenos accepts your kill.
You hit the red ugly thing.
The red ugly thing is lightly wounded.
The red ugly thing trunk-slaps you.
You are engulfed in flames!!
You barely miss the red ugly thing.
The red ugly thing is lightly wounded.
You hit the red ugly thing.
The red ugly thing is poisoned.
The red ugly thing is lightly wounded.
The red ugly thing trunk-slaps you!
You are engulfed in flames!!
* * * LOW HITPOINT WARNING * * *
There is an open door here.
The red ugly thing trunk-slaps you.
* * * LOW HITPOINT WARNING * * *
You are engulfed in flames!!
* * * LOW HITPOINT WARNING * * *
You feel much better. The red ugly thing trunk-slaps you.
* * * LOW HITPOINT WARNING * * *
You are engulfed in flames!!
You die...

######... ##########..#......#.
........#####.###.##..#.....##.
........#...................#..
........#...................#..
........#..................รท)..
........'............_.....)#..
........#...................#..
........######u##...........###
#######.. #.@##..#...........
#.. #.......#........... #..
#.......#........... #...
#.......#........... #.
#########...........
.####....### '....# .#....#


You could see a red ugly thing.

Vanquished Creatures
  Erica (D:9)
  The ghost of Artool the Fighter, a journeyman DsSk of Hepliaklqana (D:10)
  4 death yaks (D:9)
  Urug (D:10)
  A manticore (D:11)
  Joseph (D:7)
  Psyche (D:8)
  A hippogriff (D:11)
  4 hogs (D:7)
  12 yaks
  A human (D:7)
  A hungry ghost (D:11)
  A water moccasin (D:8)
  4 orc warriors
  3 ice beasts
  4 sky beasts
  6 ogres
  2 phantoms
  7 centaurs
  4 big kobolds
  10 bullfrogs
  5 scorpions
  6 killer bees (D:10)
  4 howler monkeys
  7 wights (D:7)
  3 crimson imps
  A quasit (D:9)
  6 hounds
  4 orc priests
  2 jellies
  2 centaur skeletons
  4 iguanas
  6 worker ants
  6 orc wizards
  A worker ant zombie (D:11)
  4 gnolls (D:5)
  5 river rats
  15 adders
  2 shadow imps
  4 oozes
  2 adder skeletons
  2 adder zombies
  A worm (D:3)
  4 dart slugs (D:1)
  6 leopard geckos
  32 orcs
  11 bats
  6 giant cockroaches
  5 goblins
  5 hobgoblins
  7 jackals
  35 kobolds
  6 quokkas
  6 ball pythons
  7 frilled lizards
  A leopard gecko skeleton (D:4)
  A leopard gecko zombie (D:8)
  A quokka skeleton (D:9)
  29 rats
324 creatures vanquished.

Vanquished Creatures (collateral kills)
  Erolcha (D:10)
1 creature vanquished.

Grand Total: 325 creatures vanquished

Notes
Turn   | Place    | Note
-------+----------+-------------------------------------------
     0 | D:1      | HypnoRock the Merfolk Fighter began the quest for the Orb.
     0 | D:1      | Reached XP level 1. HP: 18/18 MP: 1/1
   140 | D:1      | Reached skill level 4 in Polearms
   140 | D:1      | Reached XP level 2. HP: 19/24 MP: 2/2
   479 | D:1      | Reached skill level 5 in Polearms
   479 | D:1      | Reached XP level 3. HP: 29/29 MP: 3/3
  1063 | D:2      | Reached skill level 6 in Polearms
  1063 | D:2      | Reached XP level 4. HP: 33/35 MP: 4/4
  1698 | D:2      | Reached skill level 7 in Polearms
  1884 | D:3      | Noticed an ice beast
  1902 | D:3      | Killed an ice beast
  1902 | D:3      | Reached skill level 8 in Polearms
  1902 | D:3      | Reached XP level 5. HP: 14/41 MP: 5/5
  2301 | D:3      | Reached skill level 1 in Dodging
  2556 | D:3      | Noticed an ogre
  2593 | D:3      | Killed an ogre
  2593 | D:3      | Reached XP level 6. HP: 5/47 MP: 6/6
  3200 | D:4      | Found a glowing drain.
  3226 | D:4      | Reached skill level 9 in Polearms
  3237 | D:4      | Reached XP level 7. HP: 9/52 MP: 7/7
  3313 | D:4      | Reached skill level 10 in Polearms
  3350 | Sewer    | Entered a sewer
  3691 | Sewer    | Reached skill level 11 in Polearms
  4024 | D:4      | Found a glowing golden altar of the Shining One.
  4024 | D:4      | Found an ornate altar of the Wu Jian Council.
  4034 | D:4      | Became a worshipper of the Shining One
  4156 | D:4      | Found a deep blue altar of Sif Muna.
  4225 | D:4      | You fall through a shaft for 2 floors!
  4225 | D:6      | Found a white marble altar of Elyvilon.
  4238 | D:6      | Reached skill level 12 in Polearms
  4238 | D:6      | Reached XP level 8. HP: 58/58 MP: 8/8
  4328 | D:5      | Entered Level 5 of the Dungeon
  4455 | D:5      | Found an ancient bone altar of Kikubaaqudgha.
  4520 | D:5      | Reached skill level 13 in Polearms
  4969 | D:5      | Reached skill level 14 in Polearms
  5202 | D:5      | Reached XP level 9. HP: 45/64 MP: 9/9
  5842 | D:5      | Reached skill level 15 in Polearms
  5999 | D:5      | Found a sacrificial altar of Ru.
  6033 | D:6      | Reached * piety under the Shining One
  6351 | D:6      | Found Jugunkar's Food Shoppe.
  6447 | D:6      | Found a staircase to the Ecumenical Temple.
  6457 | Temple   | Entered the Ecumenical Temple
  6479 | Temple   | Fell from the grace of the Shining One
  6479 | Temple   | Became a worshipper of Dithmenos the Shadowed
  6932 | D:7      | Reached skill level 16 in Polearms
  6985 | D:7      | Reached * piety under Dithmenos
  6996 | D:7      | Reached skill level 5 in Dodging
  7209 | D:7      | Noticed Joseph
  7222 | D:7      | Killed Joseph
  7222 | D:7      | Reached XP level 10. HP: 57/70 MP: 10/10
  7444 | D:7      | Reached ** piety under Dithmenos
  7523 | D:8      | Reached skill level 10 in Dodging
  7577 | D:8      | Reached skill level 1 in Stealth
  7643 | D:8      | Noticed Necrophagist's ghost (novice DECj)
  7667 | D:8      | Found a glowing golden altar of the Shining One.
  7783 | D:8      | Noticed Psyche
  7788 | D:8      | Killed Psyche
  8124 | D:9      | Reached skill level 5 in Stealth
  8264 | D:9      | Noticed a death yak
  8266 | D:9      | Found a staircase to the Lair.
  8267 | D:9      | Noticed a death yak
  8268 | D:9      | Noticed a death yak
  8269 | D:9      | Noticed a death yak
  8291 | D:9      | Killed a death yak
  8305 | D:9      | Killed a death yak
  8316 | D:9      | Reached XP level 11. HP: 19/75 MP: 11/11
  8631 | D:9      | Learned a level 3 spell: Call Canine Familiar
  8678 | D:9      | Noticed Erica
  8693 | D:9      | Killed Erica
  8693 | D:9      | Reached skill level 17 in Polearms
  8995 | D:9      | Found a shadowy altar of Dithmenos.
  9132 | D:9      | Reached *** piety under Dithmenos
  9137 | D:9      | Reached skill level 1 in Summonings
  9174 | D:9      | Killed a death yak
  9432 | D:9      | Killed a death yak
  9466 | D:9      | Reached skill level 5 in Summonings
  9694 | D:10     | Entered Level 10 of the Dungeon
  9824 | D:10     | Noticed Artool's ghost (journeyman DsSk)
  9890 | D:10     | Killed Artool's ghost
  9890 | D:10     | Reached skill level 1 in Spellcasting
 10270 | D:10     | Noticed Erolcha
 10280 | D:10     | Killed Erolcha
 10280 | D:10     | Reached skill level 18 in Polearms
 10390 | D:10     | Noticed Urug
 10416 | D:10     | HP: 3/75 [Urug/enchanted scimitar (25)]
 10424 | D:10     | Killed Urug
 10789 | D:10     | Found an opulent altar of Gozag.
 11029 | D:11     | Found Akerchikh's General Store.
 11032 | D:11     | Reached **** piety under Dithmenos
 11074 | D:11     | Bought a scroll of enchant weapon for 105 gold pieces
 11074 | D:11     | Bought a +0 pair of boots for 63 gold pieces
 11074 | D:11     | Bought a scroll of identify for 28 gold pieces
 11093 | D:11     | Learned a level 7 spell: Summon Hydra
 11122 | D:11     | Found a staircase to the Orcish Mines.
 11130 | Orc:1    | Entered Level 1 of the Orcish Mines
 11173 | D:11     | Found Majopit's Distillery.
 11184 | D:11     | Bought a potion of heal wounds for 70 gold pieces
 11184 | D:11     | Bought a potion of might for 56 gold pieces
 11411 | D:11     | Reached XP level 12. HP: 81/81 MP: 16/16
 11447 | D:11     | Found an opulent altar of Gozag.
 11756 | D:11     | HP: 1/81 [red ugly thing (19)]
 11757 | D:11     | Slain by a red ugly thing

Skill      XL: |  1  2  3  4  5  6  7  8  9 10 11 |
---------------+----------------------------------+-----
Polearms       | 4 5 6 8 9 12 14 16 18 | 18.8
Dodging        | 3 8 10 | 10.8
Armour         | 3 |  3.3
Stealth        | 7 |  7.0
Summonings     | 6 |  6.0
Spellcasting   | 3 |  3.0
Fighting       | |  3.2
Shields        | |  3.0

Action                   |  1- 3 |  4- 6 |  7- 9 | 10-12 || total
-------------------------+-------+-------+-------+-------++-------
Melee: Trident           |   123 |    85 |    19 |       ||   227
       Spear             |       |   114 |   282 |       ||   396
       Tailslap          |       |       |     4 |       ||     4
       Halberd           |       |       |   150 |   487 ||   637
Throw: Stone             |     3 |    25 |    15 |    11 ||    54
 Cast: Call Canine Famil |       |       |       |    12 ||    12
Evoke: Wand              |       |       |       |     1 ||     1
  Use: Scroll            |       |     4 |     8 |    10 ||    22
       Potion            |       |     3 |     3 |     7 ||    13
 Stab: Sleeping          |       |       |     1 |    14 ||    15
       Distracted        |       |       |     1 |     2 ||     3
  Eat: Chunk             |     1 |     7 |    12 |    13 ||    33
       Ration            |       |       |       |     2 ||     2
Armor: Scale mail        |    38 |    45 |    41 |    90 ||   214
       Plate armour      |       |       |    20 |       ||    20
Dodge: Dodged            |    50 |    70 |   103 |   176 ||   399
